Map: Rhoskallian LE

Players

Chego

  • Race: Protoss Protoss
  • Spawn Location: 11:00

Luchkox

  • Race: Protoss Protoss
  • League: Platinum
  • Spawn Location: 12:00

Massa - Winner!

  • Race: Terran Terran
  • League: Platinum
  • Spawn Location: 6:00

qqq - Winner!

  • Race: Zerg Zerg
  • League: Platinum
  • Spawn Location: 5:00

VOD

Have the link to the VOD?

Description

Time

  • Played on: Jan. 14, 2021, 8:04 a.m.
  • Length: 16:50
Show
View Real Time Build Order
Export as new Build Order

Chego Protoss 

Build Orders: Carriers 

Get SALT Encoding   

  12  0:00  Probe  
  13  0:13  Probe (Chrono Boost)  
  14  0:23  Probe (Chrono Boost), Pylon  
  15  0:41  Probe  
  15  0:42  Gateway  
  16  0:53  Probe  
  17  1:05  Probe  
  17  1:09  Assimilator  
  18  1:17  Probe  
  19  1:29  Probe  
  20  1:33  Cybernetics Core  
  20  1:39  Pylon  
  20  1:41  Probe  
  20  1:59  Probe  
  21  2:06  Assimilator  
  21  2:09  Pylon  
  21  2:12  Adept (Chrono Boost)  
  23  2:16  Shield Battery  
  23  2:23  Nexus  
  23  2:34  Pylon  
  23  2:45  Probe  
  24  2:58  Probe, Adept  
  27  3:10  Probe  
  28  3:21  Assimilator  
  28  3:22  Probe  
  28  3:25  Stargate, Cybernetics Core  
  29  3:27  Stargate  
  29  3:33  Adept  
  31  3:38  Probe (Chrono Boost)  
  32  3:48  Probe (Chrono Boost)  
  33  3:51  Probe (Chrono Boost)  
  33  3:53  Probe (Chrono Boost)  
  35  4:01  Probe  
  36  4:03  Adept  
  36  4:08  Probe  
  39  4:13  Probe  
  40  4:17  Protoss Air Weapons Level 1  
  40  4:20  Probe  
  41  4:25  Probe  
  42  4:32  Probe  
  42  4:34  Fleet Beacon  
  42  4:37  Probe  
  44  4:38  Pylon  
  44  4:44  Probe  
  45  4:48  Assimilator  
  45  4:54  Adept  
  45  4:56  Probe  
  45  4:59  Pylon  
  48  5:03  Shield Battery  
  48  5:08  Probe (Chrono Boost)  
  49  5:20  Probe (Chrono Boost)  
  50  5:22  Carrier (Chrono Boost)  
  50  5:25  Probe (Chrono Boost)  
  57  5:34  Probe  
  58  5:39  Carrier (Chrono Boost)  
  64  5:46  Probe  
  65  5:59  Probe  
  64  6:11  Probe  
  57  6:21  Phoenix (Chrono Boost)  
  57  6:23  Probe  
  60  6:36  Phoenix  
  62  6:40  Phoenix  
  64  6:51  Protoss Air Weapons Level 2  
  64  7:01  Phoenix  
  66  7:05  Phoenix  
  68  7:13  Stargate  
  68  7:16  Pylon  
  68  7:22  Forge  
  68  7:25  Phoenix  
  70  7:31  Carrier (Chrono Boost), Protoss Air Armor Level 1  
  76  8:11  Carrier (Chrono Boost)  
  78  8:22  Carrier (Chrono Boost)  
  74  9:02  Phoenix  
  70  9:08  Phoenix  
  64  9:19  Phoenix  
  64  9:22  Pylon  
  66  9:24  Pylon  
  66  9:27  Carrier  
  72  10:08  Protoss Air Armor Level 2  
  72  10:30  Carrier (Chrono Boost)  
  77  10:37  Carrier (Chrono Boost)  
  81  10:51  Pylon  
  81  10:54  Pylon  
  81  10:55  Gateway, Pylon  
  81  10:56  Gateway  
  75  10:57  Carrier (Chrono Boost)  
  49  11:56  Phoenix x2 (Chrono Boost)  
  49  11:57  Phoenix (Chrono Boost)  
  55  12:14  Phoenix x3 (Chrono Boost)  
  55  12:17  Nexus  
  55  12:21  Photon Cannon  
  55  12:22  Photon Cannon  
  61  12:24  Photon Cannon  
  61  12:27  Warp Gate  
  61  12:28  Gateway  
  61  12:36  Phoenix x3  
  67  13:08  Phoenix x3  
  73  13:50  Tempest  
  73  13:51  Tempest  
  82  14:21  Nexus  
  82  14:22  Pylon  
  79  14:38  Tempest x2  
  79  14:40  Tempest  
  70  15:13  Stalker  
  67  15:14  Stalker x2  
  67  15:15  Stalker  
  68  15:31  Tempest  
  73  15:49  Stalker x2  
  77  15:50  Stalker  
  77  15:51  Stalker  
  84  16:13  Stalker  
  84  16:16  Stalker x2  
  90  16:33  Stalker  
Show
View Real Time Build Order
Export as new Build Order

Luchkox Protoss 

Build Orders: Dark Templar Rush 

Get SALT Encoding   

  12  0:00  Probe  
  13  0:12  Probe  
  14  0:21  Pylon  
  14  0:24  Probe  
  15  0:39  Probe (Chrono Boost)  
  15  0:42  Gateway  
  16  0:51  Probe (Chrono Boost)  
  16  0:53  Assimilator  
  17  0:59  Probe (Chrono Boost)  
  18  1:05  Probe  
  19  1:17  Probe  
  20  1:29  Probe  
  20  1:41  Probe, Cybernetics Core  
  21  1:51  Nexus  
  21  1:54  Probe  
  22  1:57  Pylon  
  22  2:05  Assimilator  
  22  2:06  Probe  
  23  2:18  Probe  
  26  2:23  Stalker  
  26  2:25  Warp Gate  
  26  2:30  Probe  
  27  2:42  Probe  
  28  2:52  Twilight Council  
  28  2:57  Robotics Facility  
  28  2:59  Assimilator  
  28  3:00  Probe (Chrono Boost)  
  29  3:07  Pylon  
  29  3:08  Probe (Chrono Boost)  
  29  3:12  Probe (Chrono Boost)  
  31  3:15  Stalker (Chrono Boost)  
  31  3:19  Probe (Chrono Boost)  
  34  3:20  Probe (Chrono Boost)  
  34  3:26  Probe  
  36  3:35  Dark Shrine  
  36  3:37  Probe  
  37  3:48  Gateway  
  37  3:50  Gateway  
  37  3:52  Probe  
  38  4:03  Probe  
  38  4:04  Probe  
  40  4:11  Warp Prism  
  40  4:15  Probe  
  43  4:26  Gateway  
  43  4:27  Probe, Gateway  
  43  4:31  Probe  
  45  4:39  Probe  
  46  4:48  Dark Templar x3  
  52  5:02  Probe (Chrono Boost)  
  52  5:03  Probe (Chrono Boost)  
  54  5:08  Forge  
  54  5:10  Pylon  
  54  5:17  Pylon  
  54  5:28  Probe x2  
  56  5:40  Probe, Blink (Chrono Boost)  
  61  5:48  Stalker x5  
  61  6:03  Gateway  
  61  6:07  Shield Battery  
  61  6:09  Protoss Ground Weapons Level 1 (Chrono Boost), Shield Battery  
  61  6:12  Pylon  
  61  6:18  Stalker  
  61  6:19  Stalker x3  
  69  6:25  Nexus  
  69  6:31  Pylon  
  63  6:52  Stalker x3  
  63  6:53  Stalker  
  69  7:02  Stalker x2  
  73  7:08  Shield Battery  
  73  7:12  Pylon  
  73  7:14  Pylon  
  73  7:16  Assimilator  
  73  7:22  Photon Cannon  
  73  7:24  Shield Battery  
  73  7:25  Templar Archives  
  73  7:27  Pylon  
  73  7:30  Probe x2  
  75  7:42  Probe  
  75  7:43  Probe, Stalker x3  
  83  7:54  Probe  
  84  8:04  Stalker x2  
  86  8:17  Nexus  
  78  8:28  Stalker x5  
  78  8:29  Stalker  
  65  9:02  Protoss Ground Weapons Level 2 (Chrono Boost)  
  65  9:04  Stalker x6  
  67  9:35  Probe x3  
  70  9:47  Probe x3  
  73  9:54  Pylon  
  73  9:57  Pylon, Stalker x4  
  73  9:58  Stalker x2  
  73  9:59  Probe x3  
  88  10:11  Probe x3, Forge  
  88  10:13  Gateway  
  91  10:15  Photon Cannon  
  91  10:19  Photon Cannon  
  91  10:23  Probe x2  
  91  10:25  High Templar, Assimilator  
  91  10:26  High Templar  
  97  10:30  Archon  
  71  10:54  Stalker x2  
  71  10:55  Stalker x2  
  78  11:03  Charge (Chrono Boost)  
  65  11:06  Zealot x2  
  57  11:18  High Templar x3  
  61  11:19  High Templar  
  61  11:22  Archon  
  61  11:23  Archon  
  65  11:31  Zealot x3  
  71  11:52  Zealot x5  
  71  11:53  Zealot x2  
  74  12:19  Zealot x4  
  74  12:20  Zealot x3  
  74  12:43  High Templar x2  
  62  12:44  Zealot x4  
  62  12:45  Zealot  
  62  12:47  Archon  
  72  12:59  Protoss Ground Armor Level 1 (Chrono Boost)  
  72  13:01  Protoss Ground Weapons Level 3 (Chrono Boost)  
  72  13:06  Nexus  
  72  13:08  Pylon  
  72  13:09  Dark Templar  
  72  13:10  Dark Templar  
  76  13:29  High Templar x2  
  76  13:30  Zealot x3  
  76  13:33  Archon  
  70  14:01  Stalker x4  
  70  14:02  Stalker  
  64  14:18  Probe x3  
  67  14:28  Stalker  
  67  14:30  Probe x3  
  72  14:33  High Templar  
  72  14:34  High Templar x2  
  72  14:35  High Templar  
  72  14:38  Archon  
  79  14:39  Archon  
  79  14:42  Probe x2  
  81  14:46  Assimilator  
  69  15:09  Stalker x6  
  62  15:26  Stalker  
  60  15:32  Stalker x4  
  60  15:33  Stalker  
  70  15:36  Probe  
  71  15:47  Stalker  
  65  16:05  Nexus  
  65  16:07  Stalker  
  65  16:10  Stalker x3  
  73  16:29  Probe  
Show
View Real Time Build Order
Export as new Build Order

Massa Terran - Winner!

Build Orders: 2 Factory 

Get SALT Encoding   

  12  0:00  SCV  
  13  0:12  SCV  
  14  0:18  Supply Depot  
  14  0:24  SCV  
  15  0:40  SCV  
  15  0:42  Barracks  
  16  0:48  Refinery  
  16  0:52  SCV  
  17  1:04  SCV  
  18  1:16  SCV  
  19  1:28  SCV  
  20  1:40  SCV  
  20  1:46  Marine, Command Center  
  22  1:53  Supply Depot  
  22  1:58  Orbital Command  
  22  2:06  Refinery  
  22  2:17  Factory  
  22  2:23  SCV  
  23  2:36  SCV, Factory  
  24  2:41  Barracks Tech Lab  
  24  2:48  SCV  
  25  3:00  SCV  
  26  3:09  Barracks Tech Lab  
  26  3:12  SCV, Supply Depot  
  27  3:15  Engineering Bay  
  27  3:16  Orbital Command  
  27  3:24  SCV, Cyclone  
  31  3:36  Cyclone  
  31  3:39  Barracks Tech Lab  
  34  3:41  SCV  
  34  3:42  SCV  
  36  3:53  SCV  
  37  3:56  Cyclone  
  37  4:00  Refinery  
  40  4:11  Missile Turret  
  40  4:13  Missile Turret  
  40  4:14  Cyclone  
  40  4:16  Mag-Field Accelerator  
  43  4:19  SCV x2  
  43  4:23  Refinery  
  45  4:27  Marine  
  45  4:31  Cyclone, SCV x2  
  49  4:37  Supply Depot  
  51  4:41  Supply Depot  
  51  4:47  Supply Depot  
  51  4:48  Cyclone  
  54  4:58  SCV x2  
  54  4:59  Supply Depot  
  56  5:04  Supply Depot  
  56  5:09  Cyclone  
  59  5:20  Cyclone  
  62  5:59  Cyclone x2  
  67  6:12  SCV  
  67  6:13  SCV  
  69  6:18  Command Center  
  69  6:25  SCV x2  
  71  6:31  Cyclone x2  
  74  7:03  Cyclone x2, Marine  
  74  7:04  Stimpack  
  81  7:11  Barracks x2  
  81  7:13  Barracks  
  81  7:15  Starport  
  81  7:16  Terran Infantry Weapons Level 1  
  81  7:18  Starport  
  81  7:20  Armory  
  81  7:21  Marine  
  82  7:35  Cyclone x2  
  88  8:00  Barracks  
  82  8:18  Cyclone x2  
  70  8:50  Cyclone x2  
  70  9:02  Barracks Reactor, Barracks Tech Lab x2  
  70  9:03  Barracks Tech Lab  
  70  9:14  Terran Vehicle Weapons Level 1  
  70  9:17  Starport Tech Lab  
  70  9:18  Engineering Bay  
  70  9:20  Orbital Command  
  70  9:22  Cyclone  
  70  9:23  Cyclone  
  73  9:42  SCV x2  
  75  9:48  Combat Shield  
  75  9:49  Concussive Shells  
  75  9:50  Marine x5  
  75  9:51  Marine  
  81  9:54  SCV, Medivac  
  81  9:55  Cyclone x2, SCV  
  91  10:00  Starport Reactor  
  91  10:07  SCV x2  
  93  10:08  Marine x6  
  99  10:23  Terran Infantry Weapons Level 2  
  99  10:24  Terran Infantry Armor Level 1  
  99  10:25  Marine  
  99  10:26  Marine  
  99  10:27  Cyclone x2  
  107  10:35  Missile Turret  
  101  10:59  Cyclone  
  98  11:17  Cyclone  
  101  11:18  Marine  
  101  11:19  Marauder, Marine x4  
  108  11:29  SCV  
  109  11:38  Command Center  
  109  11:47  Supply Depot  
  109  11:48  Terran Vehicle And Ship Armor Level 1, Supply Depot  
  109  11:49  Command Center, Supply Depot  
  109  12:08  Marine x2  
  109  12:09  SCV x3, Marauder, Marine x3, Cyclone x2  
  109  12:11  Supply Depot  
  125  12:22  SCV x2  
  127  12:26  Marine x2  
  127  12:27  Marine x3  
  132  12:30  Marine  
  127  12:41  Cyclone  
  127  12:42  Cyclone  
  130  12:44  Marine x2  
  130  12:45  Marine x3  
  130  12:48  Marine  
  136  12:56  Planetary Fortress  
  136  13:00  Planetary Fortress  
  136  13:02  Marine  
  136  13:03  SCV x3, Marine  
  141  13:10  Terran Infantry Armor Level 2, Terran Infantry Weapons Level 3  
  141  13:13  Cyclone  
  141  13:14  Cyclone  
  141  13:15  SCV x3  
  141  13:17  Refinery  
  141  13:18  Refinery  
  150  13:30  Marauder  
  150  13:31  Marauder  
  150  13:32  Marine  
  150  13:33  Marine x3  
  158  13:37  Supply Depot  
  158  13:40  Missile Turret  
  158  13:42  Missile Turret  
  158  13:43  Missile Turret  
  158  13:44  Missile Turret  
  158  13:45  Cyclone  
  158  13:46  Cyclone  
  160  13:50  Marine x4  
  160  13:51  Marine  
  160  13:52  Marine  
  166  13:59  Supply Depot  
  166  14:08  Marine x4  
  166  14:09  Marine  
  168  14:18  Cyclone  
  168  14:21  Supply Depot  
  174  14:24  Missile Turret  
  174  14:25  Missile Turret  
  174  14:27  Missile Turret  
  174  14:37  SCV x4  
  178  14:43  Supply Depot  
  178  14:44  Armory  
  178  14:49  SCV x3, Medivac x2  
  178  14:50  Medivac  
  187  14:53  Supply Depot  
  187  14:54  Supply Depot x2  
  184  15:07  Supply Depot  
  184  15:17  Supply Depot  
  184  15:19  Medivac x2, Supply Depot  
  184  15:21  Supply Depot  
  173  15:29  Supply Depot  
  173  15:44  Supply Depot  
  173  15:46  Supply Depot  
  173  15:47  Factory  
  173  15:48  SCV x4, Factory x2  
  177  15:52  Refinery  
  177  15:53  Refinery  
  177  16:00  SCV x3  
  177  16:02  Missile Turret  
  180  16:42  Refinery  
  180  16:44  Factory Tech Lab x3  
  180  16:47  Refinery  
Show
View Real Time Build Order
Export as new Build Order

qqq Zerg - Winner!

Build Orders: Hatch First 

Get SALT Encoding   

  12  0:00  Drone  
  13  0:09  Drone  
  14  0:19  Overlord  
  14  0:49  Hatchery  
  13  0:52  Drone  
  13  0:53  Drone  
  15  0:57  Drone  
  16  1:19  Spawning Pool  
  16  1:20  Extractor  
  16  1:25  Drone x2  
  16  1:32  Drone  
  17  1:42  Drone  
  18  1:51  Drone  
  19  2:00  Drone  
  20  2:20  Drone x2  
  20  2:21  Extractor  
  21  2:24  Queen  
  21  2:25  Drone x2  
  21  2:26  Drone  
  28  2:31  Overlord  
  28  2:48  Lair  
  28  2:49  Drone x2  
  28  2:51  Drone x2  
  28  2:58  Drone  
  30  3:04  Spore Crawler  
  29  3:05  Spore Crawler  
  29  3:06  Drone  
  29  3:09  Drone  
  30  3:27  Drone  
  30  3:31  Drone x2  
  30  3:33  Drone  
  34  3:35  Hatchery, Drone  
  34  3:47  Spire  
  33  3:52  Drone x2  
  33  3:53  Drone  
  33  3:55  Overlord  
  36  4:01  Metabolic Boost  
  36  4:05  Overlord  
  36  4:13  Queen  
  36  4:14  Drone  
  36  4:16  Drone  
  40  4:17  Drone  
  40  4:22  Overlord  
  41  4:24  Zergling x2  
  41  4:27  Overseer  
  41  4:28  Drone  
  41  4:29  Drone  
  41  4:31  Drone  
  45  4:33  Drone  
  45  4:35  Extractor  
  45  4:36  Extractor  
  44  4:46  Drone  
  44  4:50  Hatchery  
  44  5:02  Drone x2  
  44  5:03  Drone x2  
  44  5:05  Corruptor  
  50  5:07  Corruptor  
  50  5:11  Mutalisk  
  50  5:14  Drone  
  55  5:19  Mutalisk  
  57  5:21  Drone  
  57  5:22  Drone  
  59  5:37  Mutalisk  
  59  5:38  Mutalisk x2  
  65  5:50  Drone x2  
  66  6:17  Drone x2, Mutalisk x2  
  72  6:24  Zerg Flyer Weapons Level 1  
  72  6:28  Overlord  
  72  6:29  Overlord x3  
  72  6:40  Overlord  
  72  6:42  Overlord x4  
  72  6:43  Hatchery  
  72  6:46  Queen  
  71  7:01  Corruptor x3  
  71  7:02  Corruptor x2  
  71  7:04  Drone x2  
  71  7:05  Drone  
  84  7:15  Infestation Pit  
  83  7:18  Drone x2  
  83  7:19  Drone x3  
  83  7:21  Corruptor  
  90  7:31  Pneumatized Carapace  
  90  7:40  Corruptor  
  90  7:41  Zergling x2  
  90  7:42  Overlord x3  
  90  7:43  Drone x3  
  96  7:51  Corruptor  
  98  8:01  Overseer x2  
  98  8:04  Zergling x4, Corruptor  
  102  8:12  Corruptor  
  102  8:14  Drone x6  
  102  8:15  Drone x2  
  102  8:19  Zerg Flyer Armor Level 1  
  112  8:26  Hive  
  110  9:01  Corruptor x3  
  110  9:02  Corruptor  
  103  9:12  Drone x8  
  103  9:13  Drone  
  110  9:20  Mutalisk  
  110  9:27  Drone  
  110  9:28  Drone x2  
  113  9:35  Extractor, Drone x3  
  113  9:36  Extractor, Mutalisk x2  
  118  9:42  Overlord x2  
  118  9:45  Zergling x2  
  118  9:46  Zergling x2  
  118  9:47  Zergling x6  
  118  9:52  Spine Crawler, Spore Crawler  
  122  9:53  Spine Crawler  
  122  9:54  Extractor  
  122  9:55  Extractor  
  122  9:57  Extractor  
  122  9:59  Drone  
  118  10:09  Mutalisk x3  
  118  10:11  Zergling x4  
  118  10:12  Drone x4, Zerg Flyer Weapons Level 2  
  130  10:20  Mutalisk  
  133  10:21  Zergling x4  
  133  10:23  Drone x2  
  135  10:46  Hatchery  
  132  10:50  Mutalisk x5  
  132  10:51  Hatchery  
  137  11:07  Zergling x8  
  137  11:08  Mutalisk, Zergling x6  
  137  11:09  Mutalisk x2  
  137  11:10  Drone x3  
  143  11:32  Mutalisk x4  
  144  11:59  Corruptor x4  
  146  12:01  Mutalisk  
  146  12:02  Zergling x6  
  146  12:05  Drone x6  
  157  12:13  Queen  
  159  12:17  Extractor  
  159  12:19  Drone  
  159  12:21  Queen  
  159  12:22  Drone x3  
  164  12:25  Drone x2, Queen  
  164  12:26  Drone  
  169  12:46  Viper x2  
  169  12:47  Viper  
  169  12:49  Overlord x7  
  169  12:50  Overlord x2  
  178  13:02  Overlord x2  
  178  13:03  Overlord x2  
  178  13:05  Greater Spire  
  178  13:08  Spire  
  178  13:11  Spore Crawler  
  176  13:14  Spore Crawler  
  176  13:15  Spore Crawler  
  176  13:19  Spine Crawler, Viper  
  173  13:20  Viper x3  
  173  13:22  Zergling x14  
  192  13:37  Zergling x14  
  197  13:50  Overseer x3  
  197  13:51  Overlord x3  
  197  13:52  Overlord x2  
  173  14:13  Spine Crawler, Spore Crawler  
  173  14:15  Spine Crawler  
  168  14:17  Mutalisk x6  
  168  14:18  Mutalisk x7  
  187  14:53  Corruptor  
  187  14:54  Corruptor x5  
  172  15:25  Mutalisk x4  
  172  15:26  Mutalisk x7  
  172  15:28  Zergling x8  
  195  15:29  Zergling x6  
  195  15:30  Zergling x2  
  190  15:56  Mutalisk x3  
  190  15:57  Mutalisk x3  
  186  15:59  Zergling x2  
  186  16:00  Zergling x8  
  186  16:04  Drone x3  
  196  16:08  Mutalisk  
  196  16:09  Zergling x2  
  200  16:15  Extractor  
  200  16:16  Extractor  
  198  16:24  Extractor  
  197  16:25  Spine Crawler  
  197  16:26  Extractor  
  197  16:27  Spore Crawler  
Tags
 
Add a new tag
Caveats
  • Supply blocks, unpowered buildings, or Contaminate may cause inaccurate times.
  • Supply counts are checked every 10 seconds.